Map: New Gettysburg LE

Players

Lilbow - Winner!

  • Race: Protoss Protoss
  • League: Master

iGJim (Jim)

  • Race: Protoss Protoss
  • League: Master

Event: DreamHack ZOWIE Open Valencia 2016

VOD

Have the link to the VOD?

Description

Time

  • Played on: July 14, 2016, 1:25 p.m.
  • Length: 6:47

All games in this series

Show
View Real Time Build Order
Export as new Build Order

Lilbow Protoss - Winner!

Build Orders:  

Get SALT Encoding   

  12  0:01  Probe (Chrono Boost)  
  13  0:11  Probe (Chrono Boost)  
  14  0:18  Pylon  
  14  0:22  Probe (Chrono Boost)  
  15  0:36  Probe (Chrono Boost), Gateway  
  15  0:41  Assimilator  
  16  0:46  Probe (Chrono Boost)  
  17  0:57  Probe (Chrono Boost)  
  17  0:58  Assimilator  
  18  1:08  Probe (Chrono Boost)  
  18  1:10  Gateway  
  19  1:18  Probe (Chrono Boost)  
  20  1:23  Cybernetics Core  
  20  1:29  Probe (Chrono Boost)  
  21  1:34  Pylon  
  21  1:39  Probe (Chrono Boost)  
  22  1:50  Warp Gate  
  22  1:55  Probe (Chrono Boost)  
  22  1:58  Stalker  
  22  2:01  Stalker  
  28  2:11  Mothership Core (Chrono Boost)  
  29  2:17  Pylon  
  29  2:26  Sentry  
  31  2:35  Stalker  
  33  2:52  Nexus  
  33  3:00  Pylon  
  33  3:06  Sentry  
  37  3:12  Sentry  
  37  3:18  Probe (Chrono Boost)  
  37  3:24  Gateway  
  37  3:54  Pylon, Probe (Chrono Boost)  
  38  4:00  Stalker x2  
  42  4:03  Pylon  
  42  4:06  Probe (Chrono Boost)  
  43  4:13  Gateway  
  43  4:25  Sentry  
  43  4:26  Stalker  
  43  4:27  Stalker  
  49  4:50  Stalker x3  
  48  5:16  Stalker x3  
  50  5:25  Stalker  
  52  5:36  Adept  
  52  5:37  Adept  
  56  5:43  Stalker  
  54  5:58  Stalker  
  54  5:59  Adept  
  58  6:17  Adept x2  
  54  6:37  Stalker x3  
Show
View Real Time Build Order
Export as new Build Order

iGJim Protoss 

Build Orders: Oracle Opening, Phoenix Opening 

Get SALT Encoding   

  12  0:01  Probe (Chrono Boost)  
  13  0:11  Probe (Chrono Boost)  
  14  0:19  Pylon  
  14  0:22  Probe (Chrono Boost)  
  15  0:37  Probe (Chrono Boost), Gateway  
  16  0:43  Assimilator  
  16  0:48  Probe (Chrono Boost)  
  17  0:52  Assimilator  
  17  0:58  Probe (Chrono Boost)  
  18  1:09  Probe (Chrono Boost)  
  19  1:19  Probe (Chrono Boost)  
  19  1:24  Cybernetics Core  
  20  1:30  Probe (Chrono Boost)  
  21  1:36  Pylon  
  21  1:40  Probe (Chrono Boost)  
  22  1:51  Probe (Chrono Boost)  
  23  1:54  Warp Gate  
  23  2:00  Stalker  
  25  2:02  Mothership Core (Chrono Boost)  
  27  2:18  Stargate  
  27  2:22  Probe (Chrono Boost)  
  28  2:30  Stalker  
  28  2:34  Probe (Chrono Boost)  
  31  2:41  Pylon  
  31  2:55  Nexus  
  31  2:59  Oracle  
  34  3:10  Probe (Chrono Boost)  
  35  3:20  Robotics Facility  
  35  3:23  Probe (Chrono Boost)  
  36  3:30  Gateway  
  36  3:36  Probe (Chrono Boost)  
  37  3:42  Pylon  
  37  3:45  Phoenix  
  39  4:02  Probe (Chrono Boost)  
  40  4:05  Observer  
  41  4:10  Probe (Chrono Boost)  
  41  4:12  Phoenix  
  41  4:14  Probe (Chrono Boost)  
  45  4:21  Probe (Chrono Boost)  
  46  4:24  Immortal  
  46  4:26  Probe (Chrono Boost)  
  52  4:31  Probe (Chrono Boost)  
  52  4:35  Stalker  
  54  4:39  Zealot  
  54  4:43  Pylon  
  56  4:49  Probe (Chrono Boost)  
  56  4:50  Probe (Chrono Boost)  
  58  4:54  Phoenix  
  60  5:01  Stalker  
  60  5:03  Zealot  
  64  5:20  Mothership Core (Chrono Boost)  
  58  5:24  Zealot x2  
  60  5:30  Gateway  
  60  5:31  Probe (Chrono Boost)  
  58  5:38  Immortal  
  60  5:45  Pylon  
  62  5:56  Stalker x2  
  43  6:20  Stalker x2  

Tags
 
Add a new tag
Caveats
  • Supply blocks, unpowered buildings, or Contaminate may cause inaccurate times.
  • Supply counts are checked every 10 seconds.